 Dungeon Crawl Stone Soup version 0.23.2-1-ga50397a (webtiles) character file.

Game seed: 15498070558174875260

719 whitewolfNL the Basher (level 7, -4/64 HPs)
             Began as a Minotaur Berserker on May 25, 2019.
             Was a Priest of Trog.
             Slain by an ogre
             ... wielding a +0 giant club
              (20 damage)
             ... on level 5 of the Dungeon.
             The game lasted 00:09:42 (3359 turns).

whitewolfNL the Basher (Minotaur Berserker)         Turns: 3359, Time: 00:09:43

Health: -4/64      AC: 12    Str: 22    XL:     7   Next: 42%
Magic:  2/6        EV:  8    Int:  4    God:    Trog [***...]
Gold:   241        SH:  0    Dex: 14    Spells: 6/6 levels left

rFire    . . .     SeeInvis .   a - +0 mace
rCold    . . .     Gourm    .   (no shield)
rNeg     . . .     Faith    .   D - +0 chain mail
rPois    .         Spirit   .   (helmet restricted)
rElec    .         Reflect  .   l - +0 cloak
rCorr    .         Harm     .   m - +1 pair of gloves {Dex+3}
MR       .....                  (no boots)
Stlth    ..........             (no amulet)
HPRegen  0.20/turn              s - ring of stealth
MPRegen  0.10/turn              (no ring)

@: berserk cooldown, slowed, very slow
A: retaliatory headbutt, horns 2
a: Berserk, Trog's Hand, Renounce Religion


You were on level 5 of the Dungeon.
You worshipped Trog.
Trog was most pleased with you.
You were very hungry.

You visited 2 branches of the dungeon, and saw 6 of its levels.

You collected 241 gold pieces.

Inventory:

Hand Weapons
 a - a +0 mace (weapon)
Missiles
 h - 62 arrows
 i - 19 sling bullets
 o - 10 poisoned needles
 u - 76 stones (quivered)
 C - 15 bolts
Armour
 d - a +0 ring mail
 l - a +0 cloak (worn)
 m - a +1 pair of gloves of dexterity (worn)
 w - a +0 large shield
 D - a +0 chain mail (worn)
Jewellery
 s - a ring of stealth (left hand)
 v - an uncursed amulet of harm
Wands
 y - a wand of scattershot (6)
Scrolls
 b - a scroll of magic mapping {unknown}
 e - a scroll of amnesia {unknown}
 j - 7 scrolls of identify {unknown}
 k - a scroll of fear {unknown}
 n - a scroll of blinking {unknown}
 p - a scroll of enchant armour {unknown}
 t - 3 scrolls of enchant weapon {unknown}
 x - 2 scrolls of teleportation {unknown}
Potions
 f - a potion of lignification {unknown}
 g - a potion of flight {unknown}
 q - 2 potions of berserk rage {unknown}
 r - a potion of curing {unknown}
 z - a potion of might {unknown}
 B - 2 potions of agility {unknown}
Comestibles
 c - 7 rations
 A - 2 chunks of flesh


   Skills:
 + Level 6.7 Fighting
 * Level 8.9 Maces & Flails
 - Level 2.4 Armour
 - Level 2.1 Dodging


You had 6 spell levels left.
You didn't know any spells.
Your spell library was empty.

Dungeon Overview and Level Annotations

Branches:
Dungeon (5/15)             Temple (1/1) D:4

Altars:
Ashenzari
Cheibriados
Dithmenos
Elyvilon
Fedhas
Gozag
Hepliaklqana
Kikubaaqudgha
Nemelex Xobeh
Okawaru
Ru
Sif Muna
Trog
Uskayaw
Yredelemnul
Zin
The Shining One


Innate Abilities, Weirdness & Mutations

You reflexively headbutt those who attack you in melee.
You have a pair of horns on your head.


Message History

The quokka barely misses you.
The quokka bites you but does no damage.
You see here a jackal corpse.
You hit the quokka. Your headbutt misses the quokka.
The quokka is lightly wounded.
The quokka bites you but does no damage. x2
You hit the quokka.
You kill the quokka!
Trog accepts your kill.
You hit the ogre. Your headbutt misses the ogre.
The ogre is moderately wounded.
The ogre hits you with a +0 giant club!!
You closely miss the ogre. Your headbutt misses the ogre.
The ogre is moderately wounded.
The ogre hits you with a +0 giant club!!
* * * LOW HITPOINT WARNING * * *
You hit the ogre but do no damage.
The ogre is moderately wounded.
The ogre hits you with a +0 giant club!!
You die...

##.##.#......#
#.##.#......# .#
#.##.#......##.#
#.##.##.#...<#.#
#.##.##.######.#
#..............####
#..#.##.###........
#..#.......†..#
#.......#.#.@#!#
#>.#[####.#.#O..#
##.### #...........
#.# #.....#...#.
#.# #.#..#.#...#
#.# #.#.#..h#...
#.# ............
#.. .. .. #. #.


You could see an ogre.

Vanquished Creatures
  A hippogriff (D:5)
  An eye of draining (D:5)
  An ogre (D:4)
  A howler monkey (D:5)
  Natasha (thrice) (D:3)
  3 worker ants
  Robin (D:2)
  6 adders
  3 oozes
  An adder skeleton (D:4)
  3 worms
  3 dart slugs
  3 leopard geckos
  4 ball pythons
  4 bats
  5 giant cockroaches
  12 goblins
  15 hobgoblins
  6 jackals
  6 kobolds
  A quokka (D:5)
  12 frilled lizards
  A leopard gecko skeleton (D:4)
  2 quokka skeletons (D:4)
  7 rats
105 creatures vanquished.

Notes
Turn   | Place    | Note
-------+----------+-------------------------------------------
     0 | D:1      | whitewolfNL the Minotaur Berserker began the quest for the
                  | Orb.
     0 | D:1      | Reached XP level 1. HP: 19/19 MP: 0/0
    14 | D:1      | Reached skill level 4 in Maces & Flails
   164 | D:1      | Reached XP level 2. HP: 14/27 MP: 1/1
   702 | D:1      | Reached ** piety under Trog
   818 | D:1      | Reached XP level 3. HP: 27/33 MP: 2/2
  1035 | D:2      | Reached skill level 5 in Maces & Flails
  1296 | D:2      | Reached XP level 4. HP: 11/41 MP: 3/3
  1306 | D:2      | Identified the +4 helmet of Rini {rC+ MR+ Slay+2 Stlth+}
  1306 | D:2      | Noticed Robin
  1323 | D:3      | Noticed Natasha
  1329 | D:3      | Killed Natasha
  1535 | D:2      | Killed Robin
  1535 | D:2      | Reached skill level 6 in Maces & Flails
  1769 | D:2      | Reached XP level 5. HP: 47/47 MP: 4/4
  1992 | D:3      | Reached skill level 5 in Fighting
  2067 | D:3      | Reached *** piety under Trog
  2076 | D:3      | Noticed Natasha
  2080 | D:3      | Killed Natasha
  2112 | D:3      | You fall through a shaft!
  2142 | D:4      | Found a staircase to the Ecumenical Temple.
  2162 | Temple   | Entered the Ecumenical Temple
  2468 | D:3      | Noticed Natasha
  2475 | D:3      | Killed Natasha
  2790 | D:3      | Found a snail-covered altar of Cheibriados.
  2794 | D:3      | Found a shadowy altar of Dithmenos.
  2797 | D:3      | Found a deep blue altar of Sif Muna.
  2797 | D:3      | Found an ancient bone altar of Kikubaaqudgha.
  2797 | D:3      | Found a hide-covered altar of Uskayaw.
  2798 | D:3      | Found a blossoming altar of Fedhas.
  2804 | D:3      | Found an iron altar of Okawaru.
  2806 | D:3      | Found a bloodstained altar of Trog.
  3052 | D:4      | Reached skill level 7 in Maces & Flails
  3072 | D:4      | Reached XP level 6. HP: 56/56 MP: 5/5
  3292 | D:5      | Entered Level 5 of the Dungeon
  3332 | D:5      | Noticed a hippogriff
  3342 | D:5      | Killed a hippogriff
  3342 | D:5      | Reached skill level 8 in Maces & Flails
  3342 | D:5      | Reached XP level 7. HP: 64/64 MP: 0/6
  3359 | D:5      | Slain by an ogre

Skill      XL: |  1  2  3  4  5  6 |
---------------+-------------------+-----
Maces & Flails | 4 5 6 7 8 |  8.9
Fighting       | 4 5 6 |  6.7
Armour         | |  2.4
Dodging        | |  2.1

Action                   |  1- 3 |  4- 6 |  7- 9 || total
-------------------------+-------+-------+-------++-------
Melee: Mace              |    64 |   130 |    13 ||   207
       Headbutt          |     4 |    24 |     5 ||    33
Invok: Berserk           |     3 |     4 |       ||     7
 Stab: Sleeping          |       |     5 |       ||     5
  Eat: Chunk             |     4 |     9 |       ||    13
Armor: Animal skin       |    10 |       |       ||    10
       Ring mail         |    11 |    64 |       ||    75
       Chain mail        |       |     4 |    11 ||    15
Dodge: Dodged            |    37 |    86 |     4 ||   127
